 Dungeon Crawl Stone Soup version 0.17.1-1-g73c8601 (webtiles) character file.

1304 Runnr the Skirmisher (level 8, 0/51 HPs)
             Began as a Gargoyle Fighter on Jan 3, 2016.
             Was a Believer of Makhleb.
             Slain by an ogre
             ... wielding a +0 giant club
              (10 damage)
             ... on level 6 of the Dungeon.
             The game lasted 00:21:07 (6945 turns).

Runnr the Skirmisher (Gargoyle Fighter)             Turns: 6945, Time: 00:21:07

Health: 0/51       AC: 12    Str: 20    XL:     8   Next: 57%
Magic:  9/9        EV:  8    Int:  9    God:    Makhleb [**....]
Gold:   281        SH: 10    Dex: 11    Spells: 0 memorised, 7 levels left

rFire  . . .     SeeInvis .     a - +0 war axe
rCold  + . .     Clarity  .     b - +0 scale mail
rNeg   + . .     SustAt   .     c - +0 shield
rPois  ∞         Gourm    +     (no helmet)
rElec  +         Spirit   .     (no cloak)
rCorr  .         Warding  .     (no gloves)
rMut   .         Stasis   .     (no boots)
MR     .....                    J - amulet of the gourmand
Stlth  ..........               r - +2 ring of slaying
                                v - ring of protection from cold

@: not resistant to hostile enchantments, extremely unstealthy
A: negative energy resistance 1, electricity resistance, unbreathing,
petrification resistance, rot immunity, AC +5
a: Minor Destruction, Renounce Religion


You were on level 6 of the Dungeon.
You worshipped Makhleb.
Makhleb was pleased with you.
You were not hungry.

You visited 1 branch of the dungeon, and saw 7 of its levels.

You collected 317 gold pieces.
You spent 36 gold pieces at shops.

Inventory:

Hand Weapons
 a - a +0 war axe (weapon)
 w - a +0 blowgun
Missiles
 u - 34 poisoned needles
Armour
 b - a +0 scale mail (worn)
 c - a +0 shield (worn)
Jewellery
 r - a +2 ring of slaying (right hand)
 v - a ring of protection from cold (left hand)
 D - an uncursed ring of teleportation
 J - an amulet of the gourmand (around neck)
Wands
 G - a wand of disintegration (12)
Scrolls
 e - a scroll of recharging
 i - 2 scrolls of teleportation
 n - 2 scrolls of magic mapping
 o - 3 scrolls of amnesia
 p - a scroll of blinking
 s - a scroll of noise {unknown}
 t - a scroll of identify
 x - a scroll of enchant armour {unknown}
 y - a scroll of fog {unknown}
 z - 3 scrolls of enchant weapon
 F - a scroll of random uselessness {unknown}
Potions
 d - a potion of might
 f - a potion of curing
 g - 2 potions of flight {unknown}
 h - a potion of magic {unknown}
 j - a potion of haste {unknown}
 k - a potion of cancellation {unknown}
 l - a potion of mutation {unknown}
 m - a potion of invisibility {unknown}
 q - 4 potions of degeneration {unknown}
Comestibles
 A - a meat ration
 B - 2 chunks of flesh
 C - 2 royal jellies
 E - 4 bread rations
 I - a slice of pizza
 Q - a beef jerky


   Skills:
 + Level 6.2 Fighting
 + Level 5.1 Axes
 + Level 6.0 Armour
 + Level 6.2 Shields
 + Level 2.1 Invocations


You had 7 spell levels left.
You didn't know any spells.

Dungeon Overview and Level Annotations

Branches:
Dungeon (7/15)             Temple (0/1) D:6

Altars:
Fedhas
Makhleb
Okawaru
Ru
Sif Muna
Trog
Vehumet
Xom
Zin

Shops:
D:6 **??

Annotations:
D:3 Runnr's ghost, amateur GrFi


Innate Abilities, Weirdness & Mutations

You are resistant to torment.
Your stone body is resilient (AC +5).
You are immune to poison.
You resist negative energy.
You are resistant to electric shocks.
You can survive without breathing.
You are immune to petrification.
You are immune to rotting.


Message History

You continue eating. x2
Found a scroll of enchant weapon.
You see here a scroll of enchant weapon.
z - 3 scrolls of enchant weapon (gained 1)
You barely miss the ogre. The ogre hits you with a giant club!
You barely miss the ogre. The ogre closely misses you.
You hit the ogre.
The ogre is lightly wounded.
The ogre hits you with a giant club!!
The orc warrior shouts!
Things that are here:
a ring mail; a club Read which item? (? for menu, Esc to quit)
Okay, then.
The ogre shouts!
The ogre hits you with a giant club!
* * * LOW HITPOINT WARNING * * *
The jelly quivers.
The ogre hits you with a giant club!
You die...

#.#.#####..............##.####.##
#.#[.# #.######.#o######.# #.##
#.##.# #......#.#.# #.# #.##
#.##.# #......#.#.# #.# ##.##
#.##.# #......#.#.# ### #..#.
#.##.## #......#.#O##########..#.
#.##.o# #........................
#.###.# #......J.O...............
#.# #.###.#....#@#######.........
..# #..##.#.##.#.### ##.#.#.##.
..####.##.#........# #.#.#....
.......##.#........# ###.#.#.##.
.............#.#.#.####..........
..###.#.#..........##............
#.# #.#..........#............#..
#.# #.##...#.#......###.....#....
#.# #.##...#.#...#..###..........


You could see 2 ogres and a jelly.

Vanquished Creatures
  A phantom (D:5)
  An orc warrior (D:6)
  A scorpion (D:5)
  2 centaur zombies (D:5)
  2 hounds
  5 crimson imps (D:5)
  A gnoll shaman (D:4)
  4 orc priests
  11 orc wizards
  A hound skeleton (D:5)
  6 adders
  8 gnolls
  3 oozes
  10 giant geckos
  7 orcs
  A ball python (D:1)
  4 giant cockroaches
  8 hobgoblins
  10 jackals
  9 kobolds
  A quokka (D:5)
  8 bats
  A giant gecko zombie (D:6)
  6 giant newts
  15 goblins
  2 jackal skeletons (D:5)
  A quokka skeleton (D:4)
  4 rats
133 creatures vanquished.

Vanquished Creatures (others)
  A sky beast (D:5)
1 creature vanquished.

Grand Total: 134 creatures vanquished

Notes
Turn   | Place    | Note
--------------------------------------------------------------
     0 | D:1      | Runnr the Gargoyle Fighter began the quest for the Orb.
     0 | D:1      | Reached XP level 1. HP: 14/14 MP: 1/1
   220 | D:1      | Reached XP level 2. HP: 19/19 MP: 2/2
   384 | D:1      | Reached XP level 3. HP: 19/23 MP: 3/3
   859 | D:2      | Reached XP level 4. HP: 29/29 MP: 4/4
   938 | D:2      | Reached skill level 4 in Armour
  1214 | D:3      | Found a burning altar of Makhleb.
  1215 | D:3      | Noticed Runnr's ghost (amateur GrFi)
  1293 | D:3      | Became a worshipper of Makhleb the Destroyer
  1726 | D:3      | Reached XP level 5. HP: 22/33 MP: 5/5
  1831 | D:3      | Found a glowing silver altar of Zin.
  1831 | D:3      | Found an iron altar of Okawaru.
  1887 | D:3      | Found a bloodstained altar of Trog.
  3028 | D:4      | Noticed an ogre
  3592 | D:4      | Reached * piety under Makhleb
  3608 | D:4      | Reached XP level 6. HP: 11/39 MP: 6/6
  3812 | D:4      | Found a blossoming altar of Fedhas.
  3956 | D:5      | Entered Level 5 of the Dungeon
  3993 | D:5      | Found a shimmering altar of Xom.
  4637 | D:5      | Reached XP level 7. HP: 34/44 MP: 7/7
  4644 | D:5      | Reached skill level 5 in Fighting
  4644 | D:5      | Reached skill level 5 in Armour
  4892 | D:5      | Reached skill level 5 in Shields
  4907 | D:5      | Found a radiant altar of Vehumet.
  4973 | D:5      | Found a sacrificial altar of Ru.
  4992 | D:5      | Reached ** piety under Makhleb
  5272 | D:5      | Reached XP level 8. HP: 48/51 MP: 8/8
  5412 | D:5      | Found a deep blue altar of Sif Muna.
  5782 | D:5      | Reached skill level 1 in Invocations
  5964 | D:6      | You fall through a shaft!
  5996 | D:6      | Found a staircase to the Ecumenical Temple.
  6039 | D:6      | Found Gokkuat's Magic Scroll Shop.
  6089 | D:6      | Bought a scroll of remove curse for 36 gold pieces
  6195 | D:6      | Reached skill level 6 in Fighting
  6195 | D:6      | Reached skill level 5 in Axes
  6508 | D:6      | Found Puoseops's Assorted Antiques.
  6542 | D:6      | Found Meamowia's General Store.
  6613 | D:6      | Found Homawnoa's Magic Scroll Shop.
  6945 | D:6      | Slain by an ogre

Action                   |  1- 3 |  4- 6 |  7- 9 || total
-------------------------+-------+-------+-------++-------
Melee: War axe           |   143 |   358 |   272 ||   773
Invok: Minor Destruction |       |       |     3 ||     3
 Abil: Evoke Teleportati |       |     1 |       ||     1
  Use: Scroll            |       |     9 |     1 ||    10
       Potion            |       |     1 |     1 ||     2
  Eat: Chunk             |       |     7 |     8 ||    15
       Meat ration       |       |     1 |       ||     1
       Fruit             |       |     2 |     1 ||     3
       Beef jerky        |       |       |     1 ||     1
